 Dungeon Crawl Stone Soup version 0.23-a0-607-g760965b (webtiles) character file.

134 Lavandula the Cutter (level 5, 1/31 HPs)
             Began as a Halfling Enchanter on Dec 20, 2018.
             Was a Follower of Cheibriados.
             Quit the game on level 3 of the Dungeon.
             The game lasted 00:06:06 (983 turns).

Lavandula the Cutter (Halfling Enchanter)            Turns: 983, Time: 00:06:07

Health: 1/31       AC:  3    Str: 10 (11) XL:     5   Next: 40%
Magic:  2/7        EV: 20    Int: 15 (16) God:    Cheibriados [*.....]
Gold:   96         SH:  0    Dex: 24 (25) Spells: 4/7 levels left

rFire    . . .     SeeInvis .   a - +1 dagger
rCold    . . .     Gourm    .   (shield restricted)
rNeg     . . .     Faith    .   b - +0 robe
rPois    .         Spirit   .   (no helmet)
rElec    .         Reflect  .   (no cloak)
rCorr    .         Harm     .   (no gloves)
MR       .....                  h - +0 pair of boots
Stlth    ++++......             (no amulet)
HPRegen  0.10/turn              k - +3 ring of dexterity
MPRegen  0.10/turn              (no ring)

@: agile, lethally poisoned (1 -> -7), very slow
A: small, mutation resistance 1
a: Bend Time, Renounce Religion


You were on level 3 of the Dungeon.
You worshipped Cheibriados.
Cheibriados was aware of your devotion.
You were hungry.

You visited 2 branches of the dungeon, and saw 5 of its levels.

You collected 96 gold pieces.

Inventory:

Hand Weapons
 a - a +1 dagger (weapon)
Missiles
 n - 3 tomahawks (quivered)
Armour
 b - a +0 robe (worn)
 h - a +0 pair of boots (worn)
Jewellery
 k - a +3 ring of dexterity (left hand)
Scrolls
 c - 2 scrolls of immolation {unknown}
 e - a scroll of enchant armour {unknown}
 i - 2 scrolls of remove curse {unknown}
 j - a scroll of noise {unknown}
 m - a scroll of fog {unknown}
Comestibles
 d - 2 rations
 l - 2 chunks of flesh


   Skills:
 + Level 5.9 Short Blades
 - Level 2.1 Dodging
 - Level 3.2 Stealth
 - Level 1.5 Spellcasting
 - Level 2.4 Hexes


You had 4 spell levels left.
You knew the following spells:

 Your Spells              Type           Power        Failure   Level  Hunger
a - Corona                Hex            #......      9%          1    ##.....
b - Ensorcelled Hibernat  Hex/Ice        #.....       22%         2    ###....

Your spell library contained the following spells:

 Spells                   Type           Power        Failure   Level  Hunger
 Confuse                  Hex            #.......     26%         3    ####...
 Tukima's Dance           Hex            #.......     26%         3    ####...
 Dazzling Spray           Conj/Hex       #.....       38%         3    ####...


Dungeon Overview and Level Annotations

Branches:
Dungeon (4/15)             Temple (1/1) D:4

Altars:
Ashenzari
Cheibriados
Dithmenos
Elyvilon
Gozag
Makhleb
Nemelex Xobeh
Okawaru
Qazlal
Ru
Sif Muna
Uskayaw
Wu Jian
Yredelemnul
Zin

Annotations:
D:3 Ijyb


Innate Abilities, Weirdness & Mutations

You are small and have problems with some larger weapons.
You are somewhat resistant to further mutation.


Message History

Okay, then.
You hit Ijyb but do no damage.
Ijyb is heavily wounded.
Ijyb barely misses you.
Unknown command.
You hit Ijyb but do no damage.
Ijyb is heavily wounded.
The orc hits you with a +2 mace of venom.
* * * LOW HITPOINT WARNING * * *
You are lethally poisoned!
Unknown command.
You aren't carrying any potions.
Unknown command.
You closely miss Ijyb.
Ijyb is heavily wounded.
* * * LOW HITPOINT WARNING * * *
You feel sick. Ijyb completely misses you.
The orc hits you with a +2 mace of venom.
* * * LOW HITPOINT WARNING * * *
Are you sure you want to abandon this character and quit the game? (Confirm

####### #######
########.....# #.)(...
#......<.....# #)#####
#.######.....###.####
#.###.............#
#.g@oo..............
#.####..............
.................###......
.######.###.#.............
#.# #.#########o.... #.#
#. ..... #g. ..... .## .


You could see Ijyb and 2 orcs.

Vanquished Creatures
  A hound (D:4)
  An orc priest (D:3)
  A worker ant (D:4)
  A hound skeleton (D:4)
  An ooze (D:3)
  A dart slug (D:1)
  A leopard gecko (D:4)
  5 orcs (D:3)
  A goblin (D:2)
  A hobgoblin (D:2)
  4 jackals
  A quokka (D:4)
  5 bats
  3 frilled lizards
  2 kobolds
  A rat (D:3)
30 creatures vanquished.

Vanquished Creatures (others)
  6 toadstools (D:3)
6 creatures vanquished.

Grand Total: 36 creatures vanquished

Notes
Turn   | Place    | Note
-------+----------+-------------------------------------------
     0 | D:1      | Lavandula the Halfling Enchanter began the quest for the
                  | Orb.
     0 | D:1      | Reached XP level 1. HP: 11/11 MP: 3/3
    49 | D:1      | Reached skill level 2 in Short Blades
    56 | D:2      | Noticed a jelly
   334 | D:2      | Reached XP level 2. HP: 12/17 MP: 2/4
   469 | D:2      | Learned a level 2 spell: Ensorcelled Hibernation
   592 | D:4      | Reached skill level 4 in Short Blades
   592 | D:4      | Reached XP level 3. HP: 21/21 MP: 5/5
   603 | D:4      | Found a staircase to the Ecumenical Temple.
   620 | D:4      | Reached XP level 4. HP: 12/27 MP: 6/6
   658 | D:4      | Reached skill level 5 in Short Blades
   690 | Temple   | Entered the Ecumenical Temple
   737 | Temple   | Became a worshipper of Cheibriados the Contemplative
   878 | D:3      | Reached XP level 5. HP: 26/31 MP: 4/7
   945 | D:3      | Noticed Ijyb
   963 | D:3      | Reached * piety under Cheibriados
   982 | D:3      | HP: 1/31 [orc/+2 mace of venom (3)]
   983 | D:3      | Quit the game

Vault maps used:
D:1:      elethiomel_arrival_shortcut, chequers_serial_rivers_small_b,
          minmay_close_crescents
D:2:      first_ration
D:3:      cheibrodos_fertilizer, uniq_terence, uniq_ijyb, uniq_jessica
D:4:      bloody_trog, minmay_temple_entry_waves
Temple:   eino_wide_crystal_templ

Skill      XL: |  1  2  3  4 |
---------------+-------------+-----
Short Blades   | 2 4 5 |  5.9
Dodging        | |  2.1
Stealth        | |  3.2
Spellcasting   | |  1.5
Hexes          | |  2.4

Action                   |  1- 3 |  4- 6 || total
-------------------------+-------+-------++-------
Melee: Dagger            |    62 |    81 ||   143
 Cast: Corona            |     8 |     2 ||    10
       Ensorcelled Hiber |       |    10 ||    10
  Use: Potion            |       |     2 ||     2
 Stab: Sleeping          |     3 |     6 ||     9
  Eat: Chunk             |       |     1 ||     1
Armor: Robe              |     6 |     6 ||    12
Dodge: Dodged            |    68 |    45 ||   113

Table legend:
 A = Non-vault XP
 B = Vault XP
 C = Vault XP percentage of total XP
 D = Non-vault monster count
 E = Vault monster count
 F = Vault count percentage of total count
                 A         B        C        D         E       F
            +---------+---------+-------+---------+---------+-------
      Total |     192 |       0 |   0.0 |      30 |       0 |   0.0
            +---------+---------+-------+---------+---------+-------
        D:1 |       6 |       0 |   0.0 |       3 |       0 |   0.0
        D:2 |      12 |       0 |   0.0 |       8 |       0 |   0.0
        D:3 |      72 |       0 |   0.0 |      14 |       0 |   0.0
        D:4 |     102 |       0 |   0.0 |       5 |       0 |   0.0
            +---------+---------+-------+---------+---------+-------
